 Dungeon Crawl Stone Soup version 0.28-a0-1524-ge72afd5fc6 (webtiles) character file.

Game seed: 951619454036832908

9 psuckher the Sneak (level 2, 0/25 HPs)
             Began as a Barachi Delver on Jan 17, 2022.
             Slain by a hound (2 damage)
             ... on level 5 of the Dungeon.
             The game lasted 00:00:29 (60 turns).

psuckher the Sneak (Barachi Delver)                   Turns: 60, Time: 00:00:29

Health: 0/25       AC:  3    Str: 13    XL:     2   Next: 12%
Magic:  2/2        EV: 12    Int: 10    God:
Gold:   0          SH:  0    Dex: 13    Spells: 1/1 levels left

rFire   . . .      SeeInvis .   a - +0 falchion
rCold   . . .      Faith    .   (no shield)
rNeg    . . .      Spirit   .   b - +0 leather armour
rPois   .          Reflect  .   (no helmet)
rElec   .          Harm     .   (no cloak)
rCorr   .          Rampage  .   (no gloves)
Will    .....                   (no boots)
Stlth   +++.......              (no amulet)
HPRegen 0.08/turn               (no ring)
MPRegen 0.08/turn               (no ring)

@: slow
A: amphibious, slowness 1, strong legs 1, +LOS
a: Hop


You were on level 5 of the Dungeon.
You visited 1 branch of the dungeon, and saw 1 of its levels.

Inventory:

Hand Weapons
 a - a +0 falchion (weapon)
Armour
 b - a +0 leather armour (worn)
Wands
 g - a wand of digging (3)
Scrolls
 c - a scroll of fog
 d - a scroll of magic mapping
 e - a scroll of fear
 h - a scroll of identify {unknown}
Potions
 f - a potion of haste


   Skills:
 + Level 3.7 Fighting
 + Level 2.5 Long Blades
 + Level 2.2 Dodging
 + Level 4.8 Stealth


You had one spell level left.
You didn't know any spells.
Your spell library was empty.

Dungeon Overview and Level Annotations

Branches:
Dungeon (5/15)
 Temple: D:4-7

Altars:


Innate Abilities, Weirdness & Mutations

You are amphibious.
You cover ground slowly.
You can hop short distances.
You have an extended range of vision and can be seen from far away.


Message History

Are you destined to find the incredible Orb of Zot, or to die trying?
Press ? for a list of commands and other information.
Found a stone staircase leading down.
Found a scroll labelled HEIGON XIORE.
An adder comes into view.
h - a scroll labelled HEIGON XIORE
There are no items here.
An adder comes into view.
The adder hisses angrily.
You hear a bark!
A white imp comes into view.
A hound comes into view.
You hit the adder.
The adder is lightly wounded.
The adder bites you but does no damage.
You hit the adder.
The adder is severely wounded.
The hound closely misses you. The adder closely misses you.
The hound bites you.
You slash the adder!
You kill the adder!
The hound bites you.
You have reached level 2!
You miss the hound. The hound misses you. The hound barely misses you.
You barely miss the hound.
The white imp shouts, "Begone, thou impertinent kobold-kissing lewdster!"
The hound bites you. The hound closely misses you.
The white imp gestures at you. The puff of frost hits you!
You closely miss the hound. The hound bites you.
* * * LOW HITPOINT WARNING * * *
The hound bites you but does no damage.
You miss the hound. Your punch misses the hound. The hound barely misses you.
The adder bites you but does no damage. The hound bites you.
* * * LOW HITPOINT WARNING * * *
Unknown command.
You barely miss the adder. The adder barely misses you.
The hound barely misses you.
You hit the adder.
The adder is moderately wounded.
The adder barely misses you. The hound bites you.
You die...

#. ### .. ...
###. #.# ...###.#
# ..##.### #.#
#......
#...###.##.######
#...S........#
#.#†@...###.##
#..h.#..# #.#
#..###5#..# #.#
.# # #.# #.#..#
#.# .### .#.
###.#..# #.# ....
#.# ....#..# #.#
..#. .#. .#..####
#.# .. .###.
.###. ..# #.# .#
#...# #...###.#
#.#


You could see a hound, an adder and a white imp.

Vanquished Creatures
  An adder (D:5)
1 creature vanquished.

Notes
Turn   | Place    | Note
-------+----------+-------------------------------------------
     0 | D:5      | psuckher the Barachi Delver began the quest for the Orb.
     0 | D:5      | Reached XP level 1. HP: 18/18 MP: 1/1
    50 | D:5      | Noticed a hound
    55 | D:5      | Reached XP level 2. HP: 19/25 MP: 2/2
    60 | D:5      | Slain by a hound

Illustrated notes

Levels and vault maps discovered:
D:5:      layout_basic, chequers_serial_rivers_marsh, nrook_pool_corridor,
          minmay_starry_boxes

Action                   || total
-------------------------++-------
Melee: Falchion          ||     9
Armor: Leather armour    ||     3
Dodge: Dodged            ||     9

Table legend: (Time is in decaauts)
 A = Elapsed time spent in this place.
 B = Non-inter-level travel time spent in this place.
 C = Inter-level travel time spent in this place.
 D = Time resting spent in this place.
 E = Time spent auto-exploring this place.
 F = Levels seen in this place.
 G = Mean time per level.
                   A        B        C        D        E       F      G
               +--------+--------+--------+--------+--------+-----+--------+
         Total |     71 |     71 |      0 |      0 |      0 |   1 |   71.0 |
       Dungeon |     71 |     71 |      0 |      0 |      0 |   1 |   71.0 |
               +--------+--------+--------+--------+--------+-----+--------+

Top non-repeatable levels by time:
     D:5: 71 daAuts
